 Dungeon Crawl Stone Soup version 0.19.0-18-g426998a (webtiles) character file.

30165 oshikia the Carver (level 13, -2/104 HPs)
             Began as a Demonspawn Gladiator on Nov 12, 2016.
             Was an Initiate of Gozag.
             Killed by divine providence
             ... invoked by a smoke demon
             ... summoned by an orc sorcerer
              (6 damage)
             ... on level 2 of the Orcish Mines.
             The game lasted 00:43:45 (15383 turns).

oshikia the Carver (Demonspawn Gladiator)          Turns: 15383, Time: 00:43:46

Health: -2/104     AC:  6    Str: 20    XL:     13   Next: 19%
Magic:  0/26       EV: 19    Int: 10    God:    Gozag
Gold:   1523       SH:  0    Dex: 19    Spells: 0 memorised, 30 levels left

rFire  . . .     SeeInvis +     H - +0 great sword
rCold  . . .     Gourm    .     b - +0 leather armour
rNeg   . . .     Faith    .     (shield currently unavailable)
rPois  +         Spirit   +     (helmet unavailable)
rElec  .         Reflect  .     x - +2 cloak {rPois}
rCorr  .         Harm     .     (no gloves)
MR     .....                    (boots unavailable)
Stlth  +.........               q - amulet "Okhlaekh" {+Rage Str+3}
                                c - ring of see invisible
                                j - +6 ring of slaying

@: about to teleport, drained
A: beak, claws 1, hooves 3, horns 3, agile 1, powered by pain 2, magic shield
a: Potion Petition, Call Merchant, Bribe Branch, Renounce Religion, Evoke
Berserk Rage


You were on level 2 of the Orcish Mines.
You worshipped Gozag.
Gozag was most pleased with you.
You were not hungry.

You visited 3 branches of the dungeon, and saw 16 of its levels.
You also visited: Sewer and Ice Cave.

You collected 3594 gold pieces.
You spent 299 gold pieces at shops.
You paid 1772 gold pieces to Gozag.

Inventory:

Hand Weapons
 m - a +2 long sword of protection
 H - a +0 great sword (weapon)
Armour
 b - a +0 leather armour (worn)
 h - a +1 cloak
 x - a +2 cloak of poison resistance (worn)
Rods
 a - a +0 rod of inaccuracy (11/11)
   (You took it off a centaur on level 12 of the Dungeon)
Jewellery
 c - a ring of see invisible (right claw)
 j - a +6 ring of slaying (left claw)
 p - an uncursed ring of magical power
 q - the amulet "Okhlaekh" (around neck) {+Rage Str+3}
   (You bought it in a shop on level 4 of the Dungeon)

   [amulet of rage]

   It affects your strength (+3).
   It lets you go berserk.
 J - an uncursed ring of resist corrosion
Wands
 d - a wand of digging (10/24)
 w - a wand of paralysis (12/24)
 A - a wand of digging (12/24)
 C - a wand of iceblast (0/15)
 E - a wand of polymorph (10/24)
 F - a wand of hasting (3/9)
 L - a wand of slowing (17/48)
 N - a wand of lightning (9/15)
 Q - a wand of iceblast (12/15)
 R - a wand of flame (3/48)
Scrolls
 i - 2 scrolls of teleportation
 k - a scroll of fog
 y - 10 scrolls of remove curse
 z - a scroll of amnesia
 D - 5 scrolls of identify
 G - 3 scrolls of vulnerability
 K - a scroll of brand weapon
Potions
 e - 4 potions of flight
Books
 t - a book of Necromancy

   Spells                             Type                      Level
   a - Pain                           Necromancy                   1
   b - Animate Skeleton               Necromancy                   1
   c - Vampiric Draining              Necromancy                   3
   d - Regeneration                   Charms/Necromancy            3
   e - Animate Dead                   Necromancy                   4
   f - Control Undead                 Necromancy                   4
 M - a book of Frost

   Spells                             Type                      Level
   a - Freeze                         Ice                          1
   b - Throw Frost                    Conjuration/Ice              2
   c - Ozocubu's Armour               Charms/Ice                   3
   d - Throw Icicle                   Conjuration/Ice              4
   e - Summon Ice Beast               Ice/Summoning                4
 P - a book of Changes

   Spells                             Type                      Level
   a - Beastly Appendage              Transmutation                1
   b - Sticks to Snakes               Transmutation                2
   c - Spider Form                    Transmutation/Poison         3
   d - Ice Form                       Ice/Transmutation            4
   e - Blade Hands                    Transmutation                5
Comestibles
 f - 13 bread rations
 g - a meat ration


   Skills:
 + Level 10.4(9.9) Fighting
 * Level 13.3(12.7) Long Blades
 - Level 1.7(1.3) Throwing
 + Level 9.8(9.3) Dodging
 + Level 9.1(8.6) Spellcasting


You had 30 spell levels left.
You didn't know any spells.

Dungeon Overview and Level Annotations

Branches:
Dungeon (13/15)            Temple (1/1) D:4            Lair (0/6) D:11
    Orc (2/2) D:9             Elf (0/3) Orc:2
 Vaults: D:13-14

Altars:
Ashenzari
Cheibriados
Dithmenos
Elyvilon
Fedhas
Gozag
Hepliaklqana
Kikubaaqudgha
Makhleb
Nemelex Xobeh
Okawaru
Qazlal
Ru
Sif Muna
Trog
Uskayaw
Vehumet
Xom
Yredelemnul
Zin
The Shining One
Beogh

Shops:
D:4 ?*[=   D:10 (   D:13 (   Orc:2 *!


Innate Abilities, Weirdness & Mutations

You have sharp fingernails.
You have hooves in place of feet.
You have a pair of large horns on your head.
You sometimes gain power by taking damage.
When hurt, damage is shared between your health and your magic reserves.
You have a beak for a mouth.
You are agile. (Dex +2)


Message History

* * * LOW HITPOINT WARNING * * *
You focus on the pain.
You feel your power returning.
Items here: $ ( )))))))))))) [[[[[[[[[[[
Okay, then.
You feel better.
As you read the scroll of fog, it crumbles to dust.
The scroll dissolves into smoke.
The smoke demon gestures at you. The ball of steam hits you!
* * * LOW HITPOINT WARNING * * *
Unknown command.
As you read the scroll of teleportation, it crumbles to dust.
You feel strangely unstable. The smoke demon gestures at you.
The ball of steam misses you.
You are engulfed in a cloud of scalding steam.
The smoke demon gestures at you. Something smites you!
You die...
Your body crumbles into a pile of gold.

#...#.....$#)..###...........
.#........###..###.........#.
.........#####..###$..$......
........###§###..###.........
.......###§§§###..###........
......###.#o#3###..###.......
.....###.§o#o§.###..###......
....###..§###..§###..###.....
...###...## ##..@###..###...#
..###...# ##..§.....###.##
.###..o# ##)§§#....## ###.#.#
##....#...## # ....
##.....#.∩## ... ##..#.....#
# .. ##.)...#.∩## ##
##.)..#...## .## ##...#....##


You could see a smoke demon and 2 orc sorcerers.

Vanquished Creatures
  Josephine (Orc:2)
  2 hydras
  The ghost of bluewall the Unseen, a journeyman SpEn of Fedhas (Orc:2)
  3 orc high priests (Orc:2)
  An unseen horror (D:11)
  A hill giant (D:12)
  2 orc sorcerers (Orc:2)
  5 orc knights
  The ghost of PyroL the Chopper, a novice HuBe of Trog (D:6)
  An ugly thing (D:12)
  A deep elf mage (D:12)
  An oklob plant (D:10)
  2 manticores
  A centaur zombie (D:12)
  2 cyclopes (D:11)
  A rust devil (Orc:2)
  2 smoke demons (Orc:2)
  2 rime drakes (D:11)
  A red devil (Orc:2)
  4 trolls
  Grinder (D:6)
  A hornet (D:9)
  5 hippogriffs
  A spriggan (D:7)
  A ynoxinul (Orc:2)
  5 yaks (D:11)
  6 wraiths
  3 vampire mosquitoes (D:12)
  3 wargs (Orc:1)
  4 water moccasins
  A porcupine (D:11)
  2 sky beasts
  2 ice beasts (D:10)
  36 orc warriors
  An alligator simulacrum (IceCv)
  A black bear (D:7)
  12 ogres
  The ghost of smeego the Skirmisher, an amateur DsMo (D:3)
  2 phantoms
  8 centaurs
  3 crocodiles
  2 big kobolds
  6 bullfrogs
  A wyvern zombie (D:5)
  2 water moccasin skeletons
  5 scorpions
  An elephant simulacrum (IceCv)
  3 killer bees (D:9)
  3 electric eels (D:7)
  16 wights
  7 howler monkeys
  5 crimson imps
  2 bullfrog zombies
  31 orc priests
  5 hounds
  3 jellies
  31 orc wizards
  A bullfrog skeleton (D:4)
  An iguana (D:10)
  Terence (D:3)
  Ijyb (D:3)
  A siren (Sewer)
  A merfolk avatar (Sewer)
  8 worker ants
  A spriggan simulacrum (IceCv)
  2 wolf simulacra (IceCv)
  4 gnolls (D:6)
  A worker ant zombie (D:6)
  18 adders
  3 river rats (Sewer)
  2 shadow imps
  A white imp (IceCv)
  An ooze (D:4)
  An adder skeleton (D:6)
  3 worms
  A dart slug (D:4)
  7 leopard geckos
  116 orcs
  4 ball pythons
  9 giant cockroaches
  9 goblins
  11 hobgoblins
  10 jackals
  22 kobolds
  5 quokkas
  14 bats
  12 frilled lizards
  2 leopard gecko skeletons
  A quokka zombie (D:8)
  33 rats
564 creatures vanquished.

Vanquished Creatures (others)
  A quokka (D:7)
  3 fungi (D:11)
4 creatures vanquished.

Grand Total: 568 creatures vanquished

Notes
Turn   | Place    | Note
-------+----------+-------------------------------------------
     0 | D:1      | oshikia the Demonspawn Gladiator began the quest for the Orb.
     0 | D:1      | Reached XP level 1. HP: 16/16 MP: 1/1
     3 | D:1      | Noticed an electric eel
     3 | D:1      | Noticed an electric eel
   271 | D:1      | Gained mutation: You have large cloven feet. [demonic ancestry]
   271 | D:1      | Reached XP level 2. HP: 22/22 MP: 2/2
   411 | D:1      | Reached skill level 3 in Long Blades
   782 | D:2      | Gained mutation: You have hoof-like feet. [demonic ancestry]
   782 | D:2      | Reached XP level 3. HP: 28/28 MP: 3/3
  1392 | D:2      | Found a hide-covered altar of Uskayaw.
  1396 | D:2      | Gained mutation: When hurt, damage is shared between your health and your magic reserves. [demonic ancestry]
  1396 | D:2      | Reached XP level 4. HP: 31/35 MP: 4/4
  1849 | D:2      | Reached skill level 1 in Spellcasting
  2030 | D:3      | Noticed smeego's ghost (amateur DsMo)
  2211 | D:3      | Gained mutation: You are agile. (Dex +2) [potion of mutation]
  2211 | D:3      | Gained mutation: You have a pair of small horns on your head. [potion of mutation]
  2211 | D:3      | Gained mutation: You have a beak for a mouth. [potion of mutation]
  2218 | D:3      | Killed smeego's ghost
  2218 | D:3      | Reached skill level 4 in Long Blades
  2218 | D:3      | Reached XP level 5. HP: 29/41 MP: 5/7
  2269 | D:3      | Noticed an ogre
  2370 | D:3      | Killed an ogre
  2370 | D:3      | Gained mutation: You have a pair of horns on your head. [demonic ancestry]
  2370 | D:3      | Reached XP level 6. HP: 47/47 MP: 8/8
  2440 | D:3      | Noticed Ijyb
  2441 | D:3      | Killed Ijyb
  2642 | D:3      | Found a blossoming altar of Fedhas.
  2730 | D:3      | Noticed Terence
  2737 | D:3      | Killed Terence
  3005 | D:4      | Found a glowing drain.
  3010 | Sewer    | Entered a sewer
  3207 | Sewer    | Reached skill level 5 in Long Blades
  3457 | Sewer    | Gained mutation: You have a pair of large horns on your head. [demonic ancestry]
  3457 | Sewer    | Reached XP level 7. HP: 52/54 MP: 10/10
  3663 | D:4      | Found Yzxoq's Jewellery Emporium.
  3716 | D:4      | Found Desoaxzo's Assorted Antiques.
  3724 | D:4      | Bought a faintly glowing platinum amulet for 100 gold pieces
  3725 | D:4      | Identified the amulet "Okhlaekh" {+Rage Str+3} (You bought it in a shop on level 4 of the Dungeon)
  3775 | D:4      | Found Agen's Magic Scroll Emporium.
  3788 | D:4      | Found a staircase to the Ecumenical Temple.
  3909 | D:4      | Found Estrol's Antique Armour Shop.
  3963 | D:4      | Found a hazy altar of Hepliaklqana.
  4370 | D:5      | Entered Level 5 of the Dungeon
  4374 | D:5      | Reached skill level 6 in Long Blades
  4419 | D:4      | Bought an embroidered cloak for 199 gold pieces
  4444 | D:5      | Gained mutation: You sometimes gain a little power by taking damage. [demonic ancestry]
  4444 | D:5      | Reached XP level 8. HP: 61/61 MP: 12/12
  4491 | D:5      | Reached skill level 5 in Fighting
  4628 | D:5      | Reached skill level 5 in Dodging
  4801 | D:5      | Reached skill level 7 in Long Blades
  4886 | D:6      | Found an ancient bone altar of Kikubaaqudgha.
  4952 | D:6      | Found a glowing golden altar of the Shining One.
  5149 | D:6      | Noticed PyroL's ghost (novice HuBe)
  5154 | D:6      | Killed PyroL's ghost
  5154 | D:6      | Reached XP level 9. HP: 69/69 MP: 15/15
  5161 | D:6      | Found a shimmering altar of Xom.
  5163 | D:6      | Found a basalt altar of Yredelemnul.
  5163 | D:6      | Found a shattered altar of Ashenzari.
  5169 | D:6      | Found an opulent altar of Gozag.
  5169 | D:6      | Found a shattered altar of Ashenzari.
  5169 | D:6      | Found a glowing golden altar of the Shining One.
  5257 | D:6      | Noticed Grinder
  5260 | D:6      | Found a basalt altar of Yredelemnul.
  5264 | D:6      | Killed Grinder
  5264 | D:6      | Reached skill level 8 in Long Blades
  5267 | D:6      | Found a radiant altar of Vehumet.
  5401 | Temple   | Entered the Ecumenical Temple
  6210 | D:7      | Found a white marble altar of Elyvilon.
  6254 | D:7      | Found a sparkling altar of Nemelex Xobeh.
  6563 | D:8      | Reached skill level 5 in Spellcasting
  7109 | D:8      | Reached skill level 9 in Long Blades
  7109 | D:8      | Gained mutation: You have sharp fingernails. [demonic ancestry]
  7109 | D:8      | Reached XP level 10. HP: 77/77 MP: 18/18
  7255 | Temple   | Became a worshipper of Gozag Ym Sagoz the Greedy
  7455 | D:9      | Found an iron altar of Okawaru.
  7579 | D:9      | Found a staircase to the Orcish Mines.
  7747 | D:9      | Found a shadowy altar of Dithmenos.
  7862 | D:9      | Found a roughly hewn altar of Beogh.
  8135 | D:10     | Entered Level 10 of the Dungeon
  8308 | D:10     | Noticed an oklob plant
  8341 | D:10     | Reached skill level 10 in Long Blades
  8529 | D:10     | Found a glowing silver altar of Zin.
  8541 | D:10     | Killed an oklob plant
  9021 | D:10     | Mutation became permanent: You have a pair of large horns on your head. [demonic ancestry]
  9021 | D:10     | Reached XP level 11. HP: 69/86 MP: 16/20
  9550 | D:11     | Found a frozen archway.
  9570 | IceCv    | Entered an ice cave
 10219 | D:11     | Noticed a four-headed hydra
 10237 | D:11     | Killed a ten-headed hydra
 10341 | D:11     | Reached skill level 11 in Long Blades
 10622 | D:11     | Found a staircase to the Lair.
 11465 | D:11     | Noticed an unseen horror
 11469 | D:11     | Killed an unseen horror
 11614 | D:12     | Noticed a four-headed hydra
 11621 | D:12     | Killed a seven-headed hydra
 12178 | D:12     | Gained mutation: You have hooves in place of feet. [demonic ancestry]
 12178 | D:12     | Reached XP level 12. HP: 95/95 MP: 23/23
 12397 | D:12     | Found an opulent altar of Gozag.
 12413 | D:12     | Reached skill level 12 in Long Blades
 12749 | Orc:1    | Entered Level 1 of the Orcish Mines
 12972 | Orc:1    | Found a bloodstained altar of Trog.
 13182 | Orc:2    | Entered Level 2 of the Orcish Mines
 13199 | Orc:2    | Found a staircase to the Elven Halls.
 13208 | Orc:2    | Noticed an orc high priest
 13627 | Orc:2    | Killed an orc high priest
 14200 | Orc:2    | Noticed Josephine
 14216 | Orc:2    | Killed Josephine
 14589 | Orc:2    | Found Utohairrai's Distillery.
 14590 | Orc:2    | Found Epreaz's General Store.
 14608 | Orc:2    | Reached skill level 10 in Fighting
 14705 | Orc:2    | Noticed bluewall's ghost (journeyman SpEn)
 14734 | Orc:2    | Killed bluewall's ghost
 14845 | Orc:2    | Reached skill level 13 in Long Blades
 15117 | Orc:2    | Noticed an orc high priest
 15119 | Orc:2    | Noticed an orc high priest
 15135 | Orc:2    | Killed an orc high priest
 15135 | Orc:2    | Gained mutation: You sometimes gain power by taking damage. [demonic ancestry]
 15135 | Orc:2    | Reached XP level 13. HP: 91/103 MP: 25/25
 15375 | Orc:2    | HP: 4/104 [orc sorcerer/bolt of fire (31)]
 15383 | Orc:2    | Killed from afar by a smoke demon

Skill      XL: |  1  2  3  4  5  6  7  8  9 10 11 12 13 |
---------------+----------------------------------------+-----
Dodging        | 3 4 5 6 7 8 9 |  9.8
Long Blades    | 3 4 5 6 7 9 10 11 13 | 13.3
Fighting       | 3 4 6 8 9 10 | 10.4
Spellcasting   | 1 2 3 4 5 6 7 8 9 |  9.1
Throwing       | |  1.7

Action                   |  1- 3 |  4- 6 |  7- 9 | 10-12 | 13-15 || total
-------------------------+-------+-------+-------+-------+-------++-------
Melee: Long sword        |    88 |   143 |   131 |       |       ||   362
       Kick              |    16 |    41 |    71 |   238 |    22 ||   388
       Peck              |       |    15 |    43 |   139 |    17 ||   214
       Headbutt          |       |    11 |    38 |   141 |    14 ||   204
       Great sword       |       |       |    43 |   556 |    47 ||   646
Throw: Throwing net      |       |     2 |       |     1 |       ||     3
Invok: Call Merchant     |       |       |       |     2 |       ||     2
       Potion Petition   |       |       |       |     1 |       ||     1
Evoke: Wand              |       |       |       |     9 |       ||     9
  Use: Potion            |       |     3 |     2 |    11 |     1 ||    17
       Scroll            |       |     7 |       |     8 |     2 ||    17
 Stab: Sleeping          |     1 |       |       |       |       ||     1
       Held in net/web   |       |     1 |       |       |       ||     1
       Distracted        |       |       |       |     6 |       ||     6
       Paralysed         |       |       |       |     6 |       ||     6
       Invisible         |       |       |       |     1 |       ||     1
  Eat: Chunk             |     1 |     7 |    10 |       |       ||    18
       Pizza             |       |     1 |       |     3 |       ||     4
       Fruit             |       |       |       |     5 |       ||     5
       Beef jerky        |       |       |       |     5 |       ||     5
       Meat ration       |       |       |       |     3 |       ||     3
Armor: Leather armour    |    27 |    30 |    24 |    64 |     3 ||   148
       Skin              |       |       |       |     4 |       ||     4
Dodge: Dodged            |    71 |    94 |   117 |   431 |    20 ||   733
       Rpst.: Long sword |    27 |    35 |    22 |       |       ||    84
       Great sword       |       |       |     7 |   110 |     6 ||   123
